 Dungeon Crawl Stone Soup version 0.25.1-2-g60ff931df9 (webtiles) character file.

Game seed: 5230107324782396947

69636 hawla the Thaumaturge (level 14, -4/111 HPs)
             Began as a Grey Draconian Conjurer on Nov 9, 2020.
             Was a High Priest of Vehumet.
             Slain by an ice devil (21 damage)
             ... on level 4 of the Lair of Beasts.
             The game lasted 02:59:41 (30327 turns).

hawla the Thaumaturge (Grey Draconian Conjurer)    Turns: 30327, Time: 02:59:44

Health: -4/111     AC: 20    Str: 14    XL:     14   Next: 91%
Magic:  15/32      EV: 16    Int: 20    God:    Vehumet [*****.]
Gold:   780        SH:  5    Dex: 11    Spells: 3/41 levels left

rFire    + . .     SeeInvis .   L - +6 quarterstaff "Najelisa" {speed, Int+4}
rCold    . . .     Gourm    .   (shield currently unavailable)
rNeg     . . .     Faith    .   (armour unavailable)
rPois    +         Spirit   .   a - +1 hat
rElec    .         Reflect  +   E - +0 cloak
rCorr    .         Harm     .   n - +1 pair of gloves
MR       +....                  l - +2 pair of boots
Stlth    +++.......             S - amulet of reflection
HPRegen  0.28/turn              A - ring of wizardry
MPRegen  0.23/turn              z - ring of poison resistance

@: slowed, invisible, very slow
A: walk through water, unfitting armour, clumsy 1, fire resistance 1,
unbreathing, cold-blooded, AC +13
a: Renounce Religion


You were on level 4 of the Lair of Beasts.
You worshipped Vehumet.
Vehumet was extremely pleased with you.
You were not hungry.

You visited 3 branches of the dungeon, and saw 20 of its levels.

You collected 1237 gold pieces.
You spent 457 gold pieces at shops.

Inventory:

Hand Weapons
 y - a +0 quarterstaff
 L - the +6 quarterstaff "Najelisa" (weapon) {speed, Int+4}
   (You found it on level 13 of the Dungeon)

   Attacks with this weapon are significantly faster.
   It affects your intelligence (+4).
 O - a +7 scimitar of flaming
Missiles
 f - 7 curare-tipped darts
 D - 45 poisoned darts (quivered)
Armour
 a - a +1 hat (worn)
 l - a +2 pair of boots (worn)
 n - a +1 pair of gloves (worn)
 E - a +0 cloak (worn)
Magical Staves
 h - an uncursed staff of energy
 Q - an uncursed staff of earth
Jewellery
 g - an uncursed ring of fire
 s - an uncursed ring of see invisible
 z - a ring of poison resistance (right hand)
 A - a ring of wizardry (left hand)
 B - an uncursed ring of protection from cold
 H - an uncursed amulet of the acrobat
 P - an uncursed ring of flight
 R - an uncursed ring of ice
 S - an amulet of reflection (around neck)
Wands
 m - a wand of disintegration (17)
 q - a wand of digging (11)
 u - a wand of acid (11)
 N - a wand of enslavement (13)
Scrolls
 c - 10 scrolls of remove curse
 d - 5 scrolls of identify
 i - a scroll of holy word
 k - 6 scrolls of teleportation
 r - 2 scrolls of fog
 t - 7 scrolls of magic mapping
 x - a scroll of enchant weapon
 X - 3 scrolls of fear
Potions
 e - 5 potions of might
 j - 2 potions of curing
 o - a potion of cancellation
 p - 4 potions of brilliance
 v - 6 potions of flight
 C - 2 potions of invisibility
 F - 2 potions of haste
 G - a potion of berserk rage
 I - a potion of stabbing
 J - a potion of lignification
 U - a potion of heal wounds
Miscellaneous
 K - a phial of floods
Comestibles
 b - 46 rations
 w - 4 chunks of flesh


   Skills:
 + Level 6.5 Fighting
 + Level 1.0 Long Blades
 + Level 6.3 Staves
 + Level 1.6 Throwing
 - Level 8.0 Dodging
 + Level 4.7 Stealth
 + Level 14.0 Spellcasting
 + Level 11.8 Conjurations
   Level 1.7 Hexes
 + Level 3.4 Translocations
 + Level 2.1 Transmutations
 + Level 4.6 Fire Magic
 + Level 4.0 Ice Magic
 + Level 3.7 Air Magic
 + Level 6.5 Earth Magic
 + Level 6.6 Poison Magic
 + Level 5.2 Evocations


You had 3 spell levels left.
You knew the following spells:

 Your Spells              Type           Power        Failure   Level  Hunger
a - Ignite Poison         Fire/Tmut/Pois ####....     1%          3    None
b - Searing Ray           Conj           ######       1%          2    None
c - Ozocubu's Armour      Chrm/Ice       ###.....     2%          3    None
d - Foxfire               Conj/Fire      ####         1%          1    None
e - Olgreb's Toxic Radia  Pois           #####...     1%          4    None
f - Iskenderun's Mystic   Conj/Tloc      #####...     1%          4    None
g - Sticky Flame          Conj/Fire      #####...     1%          4    None
h - Apportation           Tloc           ####..       1%          1    None
i - Poisonous Vapours     Pois/Air       ####..       1%          2    None
j - Lee's Rapid Deconstr  Erth           #####.....   1%          5    ###....
k - Irradiate             Conj/Tmut      #####.....   1%          5    ###....
l - Freeze                Ice            ####         1%          1    None
m - Frozen Ramparts       Ice            ####..       1%          3    None

Your spell library contained the following spells:

 Spells                   Type           Power        Failure   Level  Hunger
 Conjure Ball Lightning   Conj/Air       #####.....   3%          6    #####..
 Animate Skeleton         Necr           N/A          1%          1    None
 Beastly Appendage        Tmut           ###...       1%          1    None
 Corona                   Hex            ###....      1%          1    None
 Infusion                 Chrm           ##..         1%          1    None
 Magic Dart               Conj           ####         1%          1    None
 Shock                    Conj/Air       ####         1%          1    None
 Sting                    Tmut/Pois      ####         1%          1    None
 Summon Small Mammal      Summ           ##..         1%          1    None
 Shroud of Golubria       Chrm/Tloc      ###...       1%          2    None
 Sticks to Snakes         Tmut           ###.....     1%          2    None
 Swiftness                Chrm/Air       ###.....     1%          2    None
 Dazzling Flash           Conj/Hex       #####.       1%          3    None
 Mephitic Cloud           Conj/Pois/Air  #####...     1%          3    None
 Spider Form              Tmut/Pois      ####......   1%          3    None
 Static Discharge         Conj/Air       #####...     1%          3    None
 Song of Slaying          Chrm           ##......     2%          2    None
 Spectral Weapon          Hex/Chrm       ###.....     4%          3    None
 Airstrike                Air            ####......   1%          4    None
 Fulminant Prism          Conj/Hex       #####.....   1%          4    None
 Hailstorm                Conj/Ice       #####...     1%          4    None
 Lightning Bolt           Conj/Air       #####.....   1%          5    ###....
 Ice Form                 Ice/Tmut       ####....     5%          4    None
 Summon Ice Beast         Ice/Summ       ###.....     9%          4    None
 Blade Hands              Tmut           ###.......   21%         5    ###....
 Summon Mana Viper        Hex/Summ       ###.....     32%         5    ###....
 Aura of Abjuration       Summ           ##........   43%         5    ###....


Dungeon Overview and Level Annotations

Branches:
Dungeon (15/15)            Temple (1/1) D:6            Lair (4/6) D:11
  Swamp (0/4) Lair:2       Spider (0/4) Lair:4          Orc (0/2) D:9
 Vaults (0/5) D:13         Depths (0/5) D:15

Altars:
Ashenzari
Cheibriados
Dithmenos
Elyvilon
Fedhas
Gozag
Hepliaklqana
Kikubaaqudgha
Makhleb
Nemelex Xobeh
Okawaru
Qazlal
Ru
Sif Muna
Trog
Uskayaw
Vehumet
Wu Jian
Xom
Yredelemnul
Zin
The Shining One

Shops:
D:6 *   D:10 *

Portals:
Ice
Cave: Lair:4

Annotations:
D:13 3 runed translucent doors, Ampuvy's ghost, adept FoSk


Innate Abilities, Weirdness & Mutations

You can walk through water.
Your dull iron-grey scales are very hard. (AC +13)
You cannot fit into any form of body armour.
You can survive without breathing.
You are cold-blooded and may be slowed by cold attacks.
You are clumsy. (Dex -2)
Your flesh is heat resistant. (rF+)


Message History

The ice devil is lightly wounded.
The ice devil is covered in liquid flames!
The ice devil burns! x2; The ice devil closely misses you. x2
You hit the ice devil.
You tail-slap the ice devil, but do no damage.
The ice devil is severely wounded.
The ice devil burns! x2
The ice devil hits you but does no damage.
The ice devil hits you!
* * * LOW HITPOINT WARNING * * *
The ice devil freezes you!
You feel yourself slow down.
* * * LOW HITPOINT WARNING * * *
You fade into invisibility!
The ice devil burns! x4
You kill the ice devil!
Vehumet accepts your kill.
You feel your power returning. The ice devil hits you.
* * * LOW HITPOINT WARNING * * *
The ice devil freezes you!!
You die...

#......# **##......#####
,##...........####
,..............#P# *****
,................###.#.#
,,#..........###......#***
**#......######..#.....#,**
##......######'#+###..,,****
####.........# #@..# *,,,,,,,*
#......(.....# ##4## ****,,,**
.............#***.#** ***,,***
..##.......#.#*,,..,* *** ****,**
#*,##........#*,,...***,*** *,,,*
#####.†....>.#*,,...#*,,,,****,,,
..#..††......#*,,∩..#*,,,,,* **,,
.............#***####*,,,,** **,
≈..#.........#**********,,,****,,


You could see an ice devil (burning).

Vanquished Creatures
  Gastronok (Lair:1)
  2 hydras
  3 vault guards (D:13)
  2 centaur warriors (D:15)
  13 two-headed ogres
  A death knight (D:15)
  A queen ant (Lair:2)
  An ogre mage (D:15)
  3 death yaks (Lair:4)
  2 wizards
  Pikel (D:7)
  2 orc knights (D:13)
  2 deep elf magi
  16 ugly things
  A wolf spider (D:15)
  A cyclops (D:13)
  A manticore (D:7)
  3 black mambas
  Psyche (D:9)
  8 spiny frogs
  2 gargoyles (D:14)
  A rime drake (shapeshifter) (D:15)
  A rime drake (Lair:4)
  8 komodo dragons
  2 efreet
  6 yaktaurs (D:15)
  An ice devil (Lair:4)
  A redback zombie (D:14)
  2 tengu conjurers (D:13)
  4 trolls
  A polar bear (Lair:3)
  3 meliai (D:12)
  A queen bee (D:12)
  A hornet (D:13)
  3 slime creatures (D:13)
  A raiju (shapeshifter) (D:15)
  5 hippogriffs
  18 blink frogs
  A vampire (D:13)
  A spriggan (shapeshifter) (D:14)
  2 shadows
  2 wyverns
  2 wraiths
  37 yaks
  A spriggan (D:8)
  2 humans (D:13)
  5 basilisks
  2 hungry ghosts
  7 vampire mosquitoes
  Menkaure (D:7)
  A steam dragon (D:14)
  An acid dragon (D:13)
  Duvessa (D:7)
  A warg (D:9)
  4 soldier ants (Lair:2)
  A swamp worm (Lair:2)
  5 water moccasins
  8 porcupines
  5 sky beasts
  A hornet zombie (D:14)
  6 orc warriors
  8 ice beasts
  6 phantoms
  An ogre (shapeshifter) (D:15)
  3 black bears
  5 ogres
  3 necrophages
  11 centaurs
  3 wolves (Lair:1)
  6 crocodiles
  A big kobold (D:9)
  21 bullfrogs
  3 wyvern zombies
  A water moccasin zombie (D:8)
  Dowan (D:7)
  7 scorpions
  7 wights
  34 killer bees
  4 howler monkeys
  2 centaur zombies
  8 crimson imps
  4 jellies
  4 quasits
  3 centaur skeletons
  6 orc priests
  A gnoll shaman (D:9)
  7 hounds
  3 bullfrog skeletons
  4 iguanas
  11 orc wizards
  27 worker ants
  A hound skeleton (D:6)
  A worker ant zombie (D:11)
  6 gnolls
  5 adders
  3 shadow imps
  An ooze (D:2)
  2 adder skeletons
  3 worms
  A dart slug (D:3)
  9 leopard geckos
  59 orcs
  A ball python (D:4)
  9 giant cockroaches
  5 goblins
  10 hobgoblins
  11 jackals
  6 quokkas
  6 bats
  10 frilled lizards
  13 kobolds
  A leopard gecko skeleton (D:6)
  A leopard gecko zombie (D:6)
  9 rats
601 creatures vanquished.

Vanquished Creatures (collateral kills)
  An orc (D:11)
1 creature vanquished.

Vanquished Creatures (others)
  A fire giant (D:15)
  A hound (D:7)
  An adder (D:7)
  330 foxfires
  3 fungi
  8 plants
344 creatures vanquished.

Grand Total: 946 creatures vanquished

Notes
Turn   | Place    | Note
-------+----------+-------------------------------------------
     0 | D:1      | hawla the Draconian Conjurer began the quest for the Orb.
     0 | D:1      | Reached XP level 1. HP: 14/14 MP: 3/3
   494 | D:1      | Reached XP level 2. HP: 20/20 MP: 1/5
   498 | D:1      | Learned a level 2 spell: Searing Ray
  1086 | D:1      | Reached XP level 3. HP: 26/26 MP: 2/6
  1868 | D:2      | Reached XP level 4. HP: 29/33 MP: 3/8
  2735 | D:3      | Reached skill level 3 in Spellcasting
  2735 | D:3      | Reached skill level 5 in Conjurations
  3117 | D:3      | Reached XP level 5. HP: 39/39 MP: 6/9
  3788 | D:4      | Noticed an ogre
  3793 | D:4      | Killed an ogre
  3793 | D:4      | Reached skill level 1 in Fighting
  3793 | D:4      | Reached XP level 6. HP: 38/47 MP: 5/11
  3801 | D:4      | Gained mutation: You are clumsy. (Dex -2) [potion of
                  | mutation]
  3801 | D:4      | Gained mutation: Your flesh is heat resistant. (rF+)
                  | [potion of mutation]
  3915 | D:4      | Reached skill level 4 in Spellcasting
  4046 | D:5      | Entered Level 5 of the Dungeon
  4169 | D:4      | Your scales start taking on a dull iron-grey colour.
  4169 | D:4      | Reached XP level 7. HP: 31/52 MP: 7/13
  4169 | D:4      | Gained mutation: You can survive without breathing. [Grey
                  | Draconian growth]
  4796 | D:4      | Learned a level 3 spell: Dazzling Flash
  5239 | D:5      | Reached skill level 5 in Spellcasting
  5340 | D:5      | Reached XP level 8. HP: 58/61 MP: 2/15
  6480 | D:6      | Found Wiotseass's Assorted Antiques.
  6485 | D:6      | Bought a glowing silver wand for 92 gold pieces
  6485 | D:6      | Bought a runed fluorescent wand for 92 gold pieces
  6498 | D:6      | Found a shattered altar of Ashenzari.
  6596 | D:6      | Reached skill level 1 in Staves
  6693 | D:6      | Found a staircase to the Ecumenical Temple.
  6736 | Temple   | Entered the Ecumenical Temple
  6848 | Temple   | Became a worshipper of Vehumet
  7041 | D:6      | Reached skill level 6 in Spellcasting
  7452 | D:6      | Found a hide-covered altar of Uskayaw.
  8120 | D:7      | Reached XP level 9. HP: 68/68 MP: 0/18
  8345 | D:7      | Noticed a manticore
  8356 | D:7      | Killed a manticore
  8490 | D:7      | Reached skill level 7 in Spellcasting
  8493 | D:7      | Reached * piety under Vehumet
  8493 | D:7      | Offered knowledge of Foxfire by Vehumet.
  8496 | D:7      | Learned a level 1 spell: Foxfire
  8587 | D:7      | Noticed Menkaure
  8596 | D:7      | Killed Menkaure
  8735 | D:7      | Reached skill level 5 in Dodging
  8851 | D:6      | Found a bloodstained altar of Trog.
  8851 | D:6      | Found an opulent altar of Gozag.
  8851 | D:6      | Found a sparkling altar of Nemelex Xobeh.
  8851 | D:6      | Found a shadowy altar of Dithmenos.
  8887 | D:7      | Noticed Pikel
  8909 | D:7      | Killed Pikel
  8909 | D:7      | Reached skill level 1 in Hexes
  9126 | D:7      | Noticed Dowan
  9129 | D:7      | Noticed Duvessa
  9146 | D:7      | Killed Dowan
  9152 | D:7      | Killed Duvessa
  9665 | D:8      | Reached XP level 10. HP: 74/78 MP: 8/21
 10020 | D:8      | Noticed a two-headed ogre
 10028 | D:8      | Killed a two-headed ogre
 10028 | D:8      | Reached skill level 8 in Spellcasting
 10119 | D:8      | Identified Urun's Reference Book on Air and the Escort
 10295 | D:8      | Offered knowledge of Sandblast by Vehumet.
 10302 | D:8      | Learned a level 1 spell: Sandblast
 10318 | D:8      | Found a glowing silver altar of Zin.
 10456 | D:8      | Reached ** piety under Vehumet
 10564 | D:8      | Reached skill level 1 in Earth Magic
 10707 | D:8      | Reached skill level 1 in Fire Magic
 10849 | D:9      | Noticed a two-headed ogre
 10861 | D:8      | Killed a two-headed ogre
 10861 | D:8      | Reached skill level 9 in Spellcasting
 11265 | D:9      | Noticed Psyche
 11314 | D:8      | Learned a level 4 spell: Iskenderun's Mystic Blast
 11513 | D:9      | Killed Psyche
 11513 | D:9      | Offered knowledge of Inner Flame by Vehumet.
 11722 | D:9      | Reached XP level 11. HP: 78/85 MP: 19/24
 11814 | D:9      | You fall into a shaft and drop 1 floor!
 11814 | D:10     | Entered Level 10 of the Dungeon
 11947 | D:9      | Noticed a two-headed ogre
 11990 | D:8      | Killed a two-headed ogre
 11990 | D:8      | Reached skill level 1 in Translocations
 12288 | D:9      | Found a sacrificial altar of Ru.
 12300 | D:9      | Found a blossoming altar of Fedhas.
 12448 | D:9      | Noticed a two-headed ogre
 12518 | D:9      | Reached skill level 1 in Evocations
 12738 | D:9      | Killed a two-headed ogre
 12738 | D:9      | Reached *** piety under Vehumet
 12908 | D:9      | Found a staircase to the Orcish Mines.
 13675 | D:10     | Offered knowledge of Sticky Flame by Vehumet.
 13701 | D:10     | Learned a level 4 spell: Sticky Flame
 13803 | D:10     | Learned a level 1 spell: Apportation
 13805 | D:10     | Learned a level 1 spell: Summon Small Mammal
 13826 | D:10     | Found Gaefir's General Store.
 13864 | D:10     | You fall into a shaft and drop 2 floors!
 13868 | D:12     | Reached skill level 10 in Spellcasting
 14640 | D:11     | Reached skill level 10 in Conjurations
 14829 | D:11     | Reached **** piety under Vehumet
 15009 | D:11     | HP: 3/85 [basilisk (3)]
 15010 | D:11     | HP: 1/85 [basilisk (1)]
 15191 | D:11     | Offered knowledge of Lee's Rapid Deconstruction by Vehumet.
 15198 | D:11     | Learned a level 5 spell: Lee's Rapid Deconstruction
 15388 | D:11     | Noticed a red ugly thing
 15450 | D:11     | Reached skill level 5 in Fighting
 15457 | D:11     | Killed a purple ugly thing
 15486 | D:11     | Reached XP level 12. HP: 55/94 MP: 26/26
 15588 | D:11     | Found a staircase to the Lair.
 15682 | D:11     | Noticed a two-headed ogre
 16115 | D:11     | Killed a two-headed ogre
 16416 | D:12     | Reached ***** piety under Vehumet
 16535 | D:12     | Reached skill level 5 in Staves
 16681 | D:12     | Offered knowledge of Irradiate by Vehumet.
 16879 | D:12     | Reached skill level 11 in Spellcasting
 17360 | D:13     | Found a runed translucent gate.
 17360 | D:13     | Found a runed translucent gate.
 17360 | D:13     | Found a runed translucent gate.
 17361 | D:13     | Noticed a naga warrior
 17361 | D:13     | Noticed a tengu warrior
 17361 | D:13     | Noticed Ampuvy's ghost (adept FoSk)
 17362 | D:13     | Noticed a centaur warrior
 17362 | D:13     | Noticed a merfolk impaler
 17363 | D:13     | Noticed a naga warrior
 17373 | D:13     | Found an iron altar of Okawaru.
 17672 | D:13     | Reached skill level 5 in Earth Magic
 17726 | D:13     | Noticed a vault guard
 18348 | D:13     | Got an encrusted quarterstaff
 18349 | D:13     | Identified the +6 quarterstaff "Najelisa" {speed, Int+4}
                  | (You found it on level 13 of the Dungeon)
 18358 | D:13     | Learned a level 5 spell: Irradiate
 18360 | D:13     | Learned a level 1 spell: Freeze
 18364 | D:13     | Learned a level 3 spell: Frozen Ramparts
 18636 | D:13     | Killed a vault guard
 18662 | D:13     | Reached skill level 1 in Ice Magic
 18820 | D:13     | Found a gate to the Vaults.
 18820 | D:13     | Noticed a vault guard
 18821 | D:13     | Noticed a vault guard
 18830 | D:13     | Killed a vault guard
 18830 | D:13     | Reached skill level 1 in Long Blades
 18830 | D:13     | Killed a vault guard
 18830 | D:13     | Reached XP level 13. HP: 87/101 MP: 11/28
 19353 | D:14     | Reached skill level 12 in Spellcasting
 19434 | D:14     | Reached skill level 5 in Evocations
 19854 | D:14     | Offered knowledge of Starburst by Vehumet.
 20297 | D:14     | Found a shadowy altar of Dithmenos.
 20475 | D:15     | Entered Level 15 of the Dungeon
 20716 | D:15     | Learned a level 2 spell: Poisonous Vapours
 20983 | D:15     | Reached skill level 1 in Poison Magic
 21160 | D:15     | HP: 2/102 [yaktaur/bolt (12)]
 21433 | D:15     | Learned a level 3 spell: Ignite Poison
 21437 | D:15     | Learned a level 3 spell: Ozocubu's Armour
 21511 | D:15     | Reached skill level 1 in Air Magic
 21897 | D:15     | Found a staircase to the Depths.
 21897 | D:15     | Noticed a fire giant
 22151 | D:15     | Reached skill level 1 in Transmutations
 22745 | D:15     | Reached XP level 14. HP: 110/110 MP: 22/30
 23339 | D:15     | Reached skill level 13 in Spellcasting
 23428 | D:15     | Killed a fire giant
 24119 | Lair:1   | Entered Level 1 of the Lair of Beasts
 24121 | Lair:1   | Noticed Gastronok
 24162 | Lair:1   | Killed Gastronok
 26151 | D:6      | Bought a scroll of teleportation for 69 gold pieces
 26291 | D:10     | Bought a potion of haste for 120 gold pieces
 26291 | D:10     | Bought a potion of lignification for 36 gold pieces
 26291 | D:10     | Bought a potion of brilliance for 48 gold pieces
 26376 | Lair:1   | Learned a level 4 spell: Olgreb's Toxic Radiance
 26380 | Lair:2   | Reached skill level 5 in Poison Magic
 26909 | Lair:2   | Reached skill level 1 in Throwing
 27478 | Lair:2   | Offered knowledge of Conjure Ball Lightning by Vehumet.
 28014 | Lair:2   | Found a staircase to the Swamp.
 30297 | Lair:4   | Reached skill level 14 in Spellcasting
 30321 | Lair:4   | Found a frozen archway.
 30327 | Lair:4   | Slain by an ice devil

Illustrated notes

Levels and vault maps discovered:
D:1:      eino_arrival_cavern_b, layout_rooms
D:2:      layout_basic, minmay_statues_item
D:3:      layout_basic
D:4:      layout_layer_cave, first_ration
D:5:      minmay_angry_zag, layout_loops_ring
D:6:      layout_basic, nicolae_overflow_hidden_temple,
          minmay_temple_entry_mini_moons, serial_shops, shop, basic_altar
D:7:      layout_basic, uniq_pikel, uniq_menkaure, uniq_duvessa
D:8:      layout_basic, lemuel_round_altar, the_bakery, minmay_diced_spiral
D:9:      layout_loops_cross, minitemple, david_orc_1_choice,
          kennysheep_generic_room_5, uniq_psyche
D:10:     layout_rooms, serial_shops, kennysheep_mini_moat,
          minmay_tree_intersection
D:11:     kennysheep_big_flooded_room, layout_loops_cross,
          minmay_lair_entry_grove, nicolae_straight_to_the_point
D:12:     layout_roguey [special_room_bee]
D:13:     layout_roguey, grunt_vaults_entry_fortified,
          gammafunk_ghost_fury_of_okawaru
D:14:     layout_cave_pods, nicolae_dithmenos_through_a_glass_darkly
D:15:     grunt_enter_depths_giant_problem, layout_stronghold, nrook_mini_vaults
Temple:   zaba_magenta_temple
Lair:1:   layout_hall_layers, lemuel_fruit_tree, uniq_gastronok
Lair:2:   layout_gridlike, minmay_swamp_entry_worms, minmay_another_anthill
Lair:3:   layout_chaotic_city, chequers_serial_rivers_large_b,
          beast_lair_carwin_8, lemuel_fruit_fields, lemuel_fruit_fields
Lair:4:   layout_hall_layers, nicolae_spider_entry_tight_spaces,
          portal_ice_cave_demonic_guard, serial_bayou_shore_b,
          infiniplex_staircase_pool, grunt_megastairs_4, uniq_snorg

Skill      XL: |  1  2  3  4  5  6  7  8  9 10 11 12 13 14 |
---------------+-------------------------------------------+-----
Stealth        | 2 3 4 |  4.7
Dodging        | 2 3 4 5 7 8 |  8.0
Spellcasting   | 3 4 5 6 7 9 10 11 12 14 | 14.0
Conjurations   | 5 6 7 8 9 10 11 | 11.8
Fighting       | 1 2 4 5 6 |  6.5
Staves         | 1 3 4 5 6 |  6.3
Hexes          | 1 |  1.7
Earth Magic    | 2 4 5 6 |  6.5
Fire Magic     | 1 2 3 4 |  4.6
Translocations | 1 2 3 |  3.4
Evocations     | 3 4 5 |  5.2
Ice Magic      | 1 3 4 |  4.0
Long Blades    | 1 |  1.0
Poison Magic   | 3 6 |  6.6
Air Magic      | 1 3 |  3.7
Transmutations | 1 2 |  2.1
Throwing       | 1 |  1.6

Action                   |  1- 3 |  4- 6 |  7- 9 | 10-12 | 13-15 || total
-------------------------+-------+-------+-------+-------+-------++-------
Melee: Unarmed           |    36 |    91 |       |    32 |       ||   159
       Tailslap          |       |     8 |     7 |     9 |    35 ||    59
       Staff             |       |    17 |    70 |    96 |   109 ||   292
       Quarterstaff      |       |       |       |     9 |   140 ||   149
       Scimitar          |       |       |       |       |     5 ||     5
Throw: Dart              |       |       |       |    10 |    55 ||    65
 Cast: Magic Dart        |    57 |    60 |   109 |   180 |    39 ||   445
       Searing Ray       |    12 |    27 |    75 |   105 |    28 ||   247
       Dazzling Flash    |       |       |     4 |    12 |       ||    16
       Foxfire           |       |       |     7 |   141 |    37 ||   185
       Sandblast         |       |       |       |    89 |     7 ||    96
       Iskenderun's Myst |       |       |       |    56 |    31 ||    87
       Sticky Flame      |       |       |       |    53 |    37 ||    90
       Summon Small Mamm |       |       |       |     1 |       ||     1
       Freeze            |       |       |       |     6 |    39 ||    45
       Lee's Rapid Decon |       |       |       |     6 |     6 ||    12
       Frozen Ramparts   |       |       |       |     4 |    26 ||    30
       Irradiate         |       |       |       |     3 |     8 ||    11
       Poisonous Vapours |       |       |       |       |   257 ||   257
       Ignite Poison     |       |       |       |       |    45 ||    45
       Ozocubu's Armour  |       |       |       |       |     2 ||     2
       Olgreb's Toxic Ra |       |       |       |       |    35 ||    35
Evoke: Wand              |       |       |       |    12 |    10 ||    22
       Staff of energy   |       |       |       |     2 |    14 ||    16
  Use: Scroll            |     3 |     9 |     7 |    11 |    18 ||    48
       Potion            |       |     6 |       |    14 |    10 ||    30
  Eat: Chunk             |     5 |     8 |    16 |    22 |    17 ||    68
       Ration            |       |       |       |     4 |     5 ||     9
Armor: Skin              |    17 |    49 |   114 |   313 |   221 ||   714
Dodge: Dodged            |    38 |   102 |   172 |   705 |   401 ||  1418
Block: Other             |       |       |       |       |    45 ||    45
       Rpst.: Scimitar   |       |       |       |       |     2 ||     2
